WCHLSIM.com - West Coast Hockey League
html PUBLIC "-//W3C//DTD XHTML 1.0 Transitional//EN" "http://www.w3.org/TR/xhtml1/DTD/xhtml1-transitional.dtd"> WCHL - Game 127 - UTAH ICE BEARS vs SASKATOON DUCKS

UTAH ICE BEARS vs SASKATOON DUCKS

Created - 30 octobre 2022 at 22:49

Goals
1 2 3 T
UTAH ICE BEARS 1 2 0 3
SASKATOON DUCKS 0 0 1 1
Shots
1 2 3 T
UTAH ICE BEARS 5 10 4 19
SASKATOON DUCKS 12 4 18 34

1st period

1. UTAH ICE BEARS , Andrew Mangiapane 2 (Evgeni Malkin 4) at 17:25

Penalties :
Andrew Peeke (UTA) for Hooking (Minor) at 5:20

2nd period

2. UTAH ICE BEARS , Andrew Mangiapane 3 (Evgeni Malkin 5, MacKenzie Weegar 2) at 0:22
3. UTAH ICE BEARS , Ross Colton 2 (Tucker Poolman 3, Nicholas Paul 3) at 0:52

Penalties :
Alexander Barabanov (UTA) for Hooking (Minor) at 6:50, Alexander Barabanov (UTA) for Hooking (Minor) at 13:03, Sidney Crosby (SAS) for Interference (Minor) at 18:03

3rd period

4. SASKATOON DUCKS , Artemi Panarin 2 (Claude Giroux 5) at 7:38

Penalties :
Zachary Sanford (UTA) for Holding (Minor) at 8:07, Kyle Okposo (UTA) for High sticking (Minor) at 12:18

Goalie Stats

Thatcher Demko (UTA), 33 saves from 34 shots - (0,971), W, 6-2-1, 60:00 minutes
Tristan Jarry (SAS), 16 saves from 19 shots - (0,842), L, 5-3-0, 60:00 minutes

Players Stats for UTAH ICE BEARS

Player Name              G  A  P  +/- PIM S  H  SB GA TA FO     MP     PP MP  PK MP  
------------------------------------------------------------------------------------
Alexander Barabanov      0  0  0   0  4   1  0  0  0  0  0/1    18:43   0:50   1:09 
Andrew Mangiapane        2  0  2   2  0   5  1  1  0  0  0/0    17:40   1:09   0:39 
Andrew Peeke             0  0  0   1  2   0  3  2  0  0  0/0    19:46   0:50   3:02 
Blake Lizotte            0  0  0   0  0   0  0  0  0  0  6/15    9:57   0:00   6:18 
Casey Mittelstadt        0  0  0   0  0   0  0  0  0  0  0/0     0:00   0:00   0:00 
Evgeni Malkin            0  2  2   2  0   2  0  0  0  0  12/27  20:56   1:09   0:16 
Kyle Okposo              0  0  0   2  2   1  0  0  0  0  1/1    21:46   1:09   4:46 
Lucas Raymond            0  0  0   0  0   1  0  0  0  0  0/0    17:36   0:50   0:00 
MacKenzie Weegar         0  1  1   1  0   1  3  1  0  0  0/0    27:13   1:09   6:25 
Mark Pysyk               0  0  0   0  0   0  3  2  0  0  0/0    14:09   0:50   0:47 
Matthew Beniers          0  0  0   0  0   4  3  0  0  0  6/23   17:36   0:50   0:00 
Nicholas Paul            0  1  1   0  0   1  1  0  0  0  3/7    15:10   0:00   3:21 
Ross Colton              1  0  1   0  0   2  1  0  0  0  4/15   11:49   0:00   0:00 
Rudolfs Balcers          0  0  0   0  0   1  0  0  0  0  0/1    15:10   0:00   3:21 
T.J. Brodie              0  0  0   1  0   0  0  0  0  0  0/0    26:13   1:09   5:25 
Troy Stecher             0  0  0   1  0   0  4  0  0  0  0/0    16:11   0:00   0:16 
Tucker Poolman           0  1  1   0  0   0  2  1  0  0  0/0    16:27   0:00   3:55 
Zachary Sanford          0  0  0   0  2   0  0  0  0  0  0/0     3:38   0:00   0:00 

Players Stats for SASKATOON DUCKS

Player Name              G  A  P  +/- PIM S  H  SB GA TA FO     MP     PP MP  PK MP  
------------------------------------------------------------------------------------
Alexander Edler          0  0  0  -2  0   0  0  0  0  0  0/0    17:18   0:00   0:50 
Anthony Duclair          0  0  0   0  0   4  0  1  0  0  0/1    16:56   4:37   1:15 
Artemi Panarin           1  0  1   0  0   1  3  1  0  0  0/4    20:07   4:54   0:00 
Bryan Rust               0  0  0  -2  0   1  1  0  0  0  1/2    21:04   5:01   0:00 
Claude Giroux            0  1  1   0  0   6  2  0  0  0  19/27  21:35   4:54   0:00 
Curtis Lazar             0  0  0   0  0   0  1  0  0  0  0/0     6:30   0:00   0:44 
Derick Brassard          0  0  0   0  0   1  1  0  0  0  3/6     3:37   0:00   0:00 
Jake Guentzel            0  0  0  -2  0   4  1  0  0  0  1/1    21:04   5:01   0:00 
Jaycob Megna             0  0  0   0  0   1  0  0  0  0  0/0    13:43   0:00   0:00 
Kailer Yamamoto          0  0  0   0  0   1  0  0  0  0  0/0     5:46   0:00   0:00 
Kevin Shattenkirk        0  0  0   0  0   2  0  1  0  0  0/0    24:22   5:18   1:09 
Mathieu Joseph           0  0  0   0  0   1  0  0  0  0  0/2    11:48   0:00   0:44 
Ryan McDonagh            0  0  0   0  0   0  2  2  0  0  0/0    24:22   5:18   1:09 
Ryan Strome              0  0  0   0  0   0  1  0  0  0  10/17  12:19   0:00   1:15 
Samuel Girard            0  0  0  -2  0   0  0  1  0  0  0/0    21:55   4:37   0:50 
Sidney Crosby            0  0  0  -2  2   7  1  0  0  0  22/27  21:44   5:01   0:00 
William Borgen           0  0  0   0  0   0  1  0  0  0  0/0    13:43   0:00   0:00 
William Nylander         0  0  0   0  0   5  0  0  0  0  2/3    20:07   4:54   0:00 

3 Stars

1 - Andrew Mangiapane (UTA)
2 - Thatcher Demko (UTA)
3 - Evgeni Malkin (UTA)

Power Play

UTAH ICE BEARS - 0 on 1 Attempt(s) - 0,00%
SASKATOON DUCKS - 0 on 5 Attempt(s) - 0,00%

Penalty Kill

UTAH ICE BEARS - 5 on 5 Attempt(s) - 100,00% - Score 0 goal in Penalty Kill
SASKATOON DUCKS - 1 on 1 Attempt(s) - 100,00% - Score 0 goal in Penalty Kill

Team Stat

UTAH ICE BEARS - Hits : 21 - Faceoff Wins : 32 - Blocked Shots : 7 - Penalty Minutes : 10
SASKATOON DUCKS - Hits : 14 - Faceoff Wins : 58 - Blocked Shots : 6 - Penalty Minutes : 2

Official

Referees : Dan O'Rourke and Adam Bloski
Linesman : Kyle Larson and Shaun Morgan

Game Notes

Derick Brassard is injured at 9:47 of 2nd period (Bruised Right Arm)

Finance

Level 1 -- Attendance: 6600 (100,00%) -- Ticket Income 924 000 $
Level 2 -- Attendance: 5600 (100,00%) -- Ticket Income 532 000 $
Level 3 -- Attendance: 2200 (100,00%) -- Ticket Income 143 000 $
Level 4 -- Attendance: 4600 (100,00%) -- Ticket Income 207 000 $
Luxury Box -- Attendance: 1000 (100,00%) -- Ticket Income 260 000 $
Total Attendance: 20000 (100,00%)
Total Ticket Income: 2 066 000 $
Other Expense: 20 660 $
Total Income: 2 045 340 $

UTAH ICE BEARS

5 vs 5 Forward 
   Center                   Left Wing                Right Wing               Time % Phy DF OF 
 1 Evgeni Malkin            Andrew Mangiapane        Kyle Okposo              36     1   2  2  
 2 Matthew Beniers          Alexander Barabanov      Lucas Raymond            31     1   2  2  
 3 Ross Colton              Nicholas Paul            Rudolfs Balcers          23     1   2  2  
 4 Blake Lizotte            Zachary Sanford          Evgeni Malkin            10     1   2  2  

5 vs 5 Defense 
   Defense                  Defense                                           Time % Phy DF OF 
 1 MacKenzie Weegar         T.J. Brodie                                       36     1   2  2  
 2 Troy Stecher             Andrew Peeke                                      31     1   2  2  
 3 Mark Pysyk               Tucker Poolman                                    23     1   2  2  
 4 MacKenzie Weegar         T.J. Brodie                                       10     1   2  2  

PowerPlay Forward 
   Center                   Left Wing                Right Wing               Time % Phy DF OF 
 1 Evgeni Malkin            Andrew Mangiapane        Kyle Okposo              55     1   2  2  
 2 Matthew Beniers          Alexander Barabanov      Lucas Raymond            45     1   2  2  

PowerPlay Defense
   Defense                  Defense                                           Time % Phy DF OF 
 1 MacKenzie Weegar         T.J. Brodie                                       55     1   2  2  
 2 Mark Pysyk               Andrew Peeke                                      45     1   2  2  

Penalty Kill 4 Players Forward 
   Center                   Wing                     Time % Phy DF OF 
 1 Blake Lizotte            Kyle Okposo              55     1   2  2  
 2 Nicholas Paul            Rudolfs Balcers          45     1   2  2  

Penalty Kill 4 Players Defense
   Defense                  Defense                  Time % Phy DF OF 
 1 MacKenzie Weegar         T.J. Brodie              55     1   2  2  
 2 Tucker Poolman           Andrew Peeke             45     1   2  2  

Penalty Kill - 3 Players Forward 
   Forward                                           Time % Phy DF OF 
 1 Blake Lizotte                                     55     1   2  2  
 2 Nicholas Paul                                     45     1   2  2  

Penalty Kill - 3 Players Defense
   Defense                  Defense                  Time % Phy DF OF 
 1 MacKenzie Weegar         T.J. Brodie              55     1   2  2  
 2 Tucker Poolman           Andrew Peeke             45     1   2  2  

4 vs 4 Forward 
   Center                   Wing                     Time % Phy DF OF 
 1 Evgeni Malkin            Kyle Okposo              55     1   2  2  
 2 Matthew Beniers          Alexander Barabanov      45     1   2  2  

4 vs 4 Defense
   Defense                  Defense                  Time % Phy DF OF 
 1 MacKenzie Weegar         T.J. Brodie              55     1   2  2  
 2 Mark Pysyk               Andrew Peeke             45     1   2  2  

Last Minutes Offensive
   Center                   Left Wing                Right Wing               Defense                  Defense                  
   Evgeni Malkin            Casey Mittelstadt        Andrew Mangiapane        MacKenzie Weegar         T.J. Brodie              

Last Minutes Defensive
   Center                   Left Wing                Right Wing               Defense                  Defense                  
   Evgeni Malkin            Casey Mittelstadt        Kyle Okposo              MacKenzie Weegar         T.J. Brodie              

Goaltenders
Starting : Thatcher Demko           
Backup : Brandon Bussi            

Extra Forwards
Normal : Casey Mittelstadt, Ross Colton, Blake Lizotte - PP : Casey Mittelstadt, Ross Colton - PK : Blake Lizotte
Extra Defensemen
Normal : Mark Pysyk, Tucker Poolman, T.J. Brodie - PP : Mark Pysyk - PK : Tucker Poolman, MacKenzie Weegar
Penalty Shots
Evgeni Malkin, Blake Lizotte, Kyle Okposo, Alexander Barabanov, Nicholas Paul
Custom OT Lines Forwards
Evgeni Malkin, Andrew Mangiapane, Kyle Okposo, Alexander Barabanov, Nicholas Paul, Ross Colton, Lucas Raymond, Blake Lizotte, Casey Mittelstadt, Matthew Beniers
Custom OT Lines Defensemen
MacKenzie Weegar, T.J. Brodie, Tucker Poolman, Andrew Peeke, Mark Pysyk

Scratches
Artem Zub (Bruised Left Leg Injury), Leo Komarov (Healthy), Radim Simek (Healthy)

SASKATOON DUCKS

5 vs 5 Forward 
   Center                   Left Wing                Right Wing               Time % Phy DF OF 
 1 Sidney Crosby            Jake Guentzel            Bryan Rust               34     1   2  2  
 2 Claude Giroux            Artemi Panarin           William Nylander         34     1   2  2  
 3 Ryan Strome              Mathieu Joseph           Anthony Duclair          24     1   2  2  
 4 Derick Brassard          Kailer Yamamoto          Curtis Lazar             8      1   2  2  

5 vs 5 Defense 
   Defense                  Defense                                           Time % Phy DF OF 
 1 Ryan McDonagh            Kevin Shattenkirk                                 40     1   2  2  
 2 Alexander Edler          Samuel Girard                                     36     1   2  2  
 3 Jaycob Megna             William Borgen                                    24     1   2  2  
 4 Ryan McDonagh            Kevin Shattenkirk                                 0      1   2  2  

PowerPlay Forward 
   Center                   Left Wing                Right Wing               Time % Phy DF OF 
 1 Sidney Crosby            Bryan Rust               Jake Guentzel            55     1   2  2  
 2 Claude Giroux            Artemi Panarin           William Nylander         45     1   2  2  

PowerPlay Defense
   Defense                  Defense                                           Time % Phy DF OF 
 1 Kevin Shattenkirk        Ryan McDonagh                                     55     1   2  2  
 2 Samuel Girard            Anthony Duclair                                   45     1   2  2  

Penalty Kill 4 Players Forward 
   Center                   Wing                     Time % Phy DF OF 
 1 Ryan Strome              Anthony Duclair          55     1   2  2  
 2 Curtis Lazar             Mathieu Joseph           45     1   2  2  

Penalty Kill 4 Players Defense
   Defense                  Defense                  Time % Phy DF OF 
 1 Ryan McDonagh            Kevin Shattenkirk        55     1   2  2  
 2 Alexander Edler          Samuel Girard            45     1   2  2  

Penalty Kill - 3 Players Forward 
   Forward                                           Time % Phy DF OF 
 1 Ryan Strome                                       55     1   2  2  
 2 Curtis Lazar                                      45     1   2  2  

Penalty Kill - 3 Players Defense
   Defense                  Defense                  Time % Phy DF OF 
 1 Ryan McDonagh            Kevin Shattenkirk        55     1   2  2  
 2 Alexander Edler          Samuel Girard            45     1   2  2  

4 vs 4 Forward 
   Center                   Wing                     Time % Phy DF OF 
 1 Sidney Crosby            William Nylander         55     1   2  2  
 2 Ryan Strome              Artemi Panarin           45     1   2  2  

4 vs 4 Defense
   Defense                  Defense                  Time % Phy DF OF 
 1 Ryan McDonagh            Kevin Shattenkirk        55     1   2  2  
 2 Alexander Edler          Samuel Girard            45     1   2  2  

Last Minutes Offensive
   Center                   Left Wing                Right Wing               Defense                  Defense                  
   Sidney Crosby            Artemi Panarin           Jake Guentzel            Ryan McDonagh            Kevin Shattenkirk        

Last Minutes Defensive
   Center                   Left Wing                Right Wing               Defense                  Defense                  
   Sidney Crosby            Jake Guentzel            William Nylander         Ryan McDonagh            Kevin Shattenkirk        

Goaltenders
Starting : Tristan Jarry            
Backup : Karel Vejmelka           

Extra Forwards
Normal : Claude Giroux, Sidney Crosby, Jake Guentzel - PP : Bryan Rust, Anthony Duclair - PK : William Nylander
Extra Defensemen
Normal : Jaycob Megna, William Borgen, Alexander Edler - PP : Jaycob Megna - PK : William Borgen, Alexander Edler
Penalty Shots
Sidney Crosby, Jake Guentzel, Artemi Panarin, William Nylander, Bryan Rust
Custom OT Lines Forwards
Sidney Crosby, Jake Guentzel, Claude Giroux, Artemi Panarin, William Nylander, Bryan Rust, Ryan Strome, Anthony Duclair, Mathieu Joseph, Kailer Yamamoto
Custom OT Lines Defensemen
Ryan McDonagh, Kevin Shattenkirk, Alexander Edler, Samuel Girard, Jaycob Megna

Scratches
None


% Time on Ice - UTAH ICE BEARS

Lines # - Real PCT - Wanted PCT - Time Play
Normal Forward
1 - 33% - 36% - 15:52
2 - 35% - 31% - 16:46
3 - 25% - 23% - 11:49
4 - 8% - 10% - 3:39
Normal Defense
1 - 36% - 36% - 17:08
2 - 33% - 31% - 15:55
3 - 26% - 23% - 12:32
4 - 5% - 10% - 2:31
PP Forward
1 - 58% - 55% - 1:09
2 - 42% - 45% - 0:50
PP Defense
1 - 58% - 55% - 1:09
2 - 42% - 45% - 0:50
PK Forward
1 - 66% - 55% - 6:34
2 - 34% - 45% - 3:21
PK Defense
1 - 55% - 55% - 5:29
2 - 45% - 45% - 4:26
PK3 Forward
1 - 0% - 55%
2 - 0% - 45%
PK3 Defense
1 - 0% - 55%
2 - 0% - 45%
44 Forward
1 - 0% - 55%
2 - 0% - 45%
44 Defense
1 - 0% - 55%
2 - 0% - 45%
Last Minute Offensive  - 0:00
Last Minute Defensive  - 0:00
Total
Forward - 60:00
Defense - 60:00

% Time on Ice - SASKATOON DUCKS

Lines # - Real PCT - Wanted PCT - Time Play
Normal Forward
1 - 33% - 34% - 16:03
2 - 32% - 34% - 15:13
3 - 23% - 24% - 11:04
4 - 12% - 8% - 5:46
Normal Defense
1 - 37% - 40% - 17:55
2 - 34% - 36% - 16:28
3 - 29% - 24% - 13:43
4 - 0% - 0% - 0:00
PP Forward
1 - 51% - 55% - 5:01
2 - 49% - 45% - 4:54
PP Defense
1 - 53% - 55% - 5:18
2 - 47% - 45% - 4:37
PK Forward
1 - 63% - 55% - 1:15
2 - 37% - 45% - 0:44
PK Defense
1 - 58% - 55% - 1:09
2 - 42% - 45% - 0:50
PK3 Forward
1 - 0% - 55%
2 - 0% - 45%
PK3 Defense
1 - 0% - 55%
2 - 0% - 45%
44 Forward
1 - 0% - 55%
2 - 0% - 45%
44 Defense
1 - 0% - 55%
2 - 0% - 45%
Last Minute Offensive  - 0:00
Last Minute Defensive  - 0:00
Total
Forward - 60:00
Defense - 60:00

Play-by-Play

1st period


0:01 of 1st period - Sidney Crosby wins face-off versus Evgeni Malkin in neutral zone.
0:04 of 1st period - Andrew Mangiapane is hit by Bryan Rust and loses puck.
0:30 of 1st period - Icing by Andrew Mangiapane.
0:31 of 1st period - Evgeni Malkin wins face-off versus Artemi Panarin in UTAH ICE BEARS zone.
0:41 of 1st period - Shot by MacKenzie Weegar.
0:41 of 1st period - Stopped by Tristan Jarry without a rebound.
0:42 of 1st period - Matthew Beniers wins face-off versus Ryan Strome in SASKATOON DUCKS zone.
0:59 of 1st period - Icing by Troy Stecher.
1:00 of 1st period - Claude Giroux wins face-off versus Matthew Beniers in UTAH ICE BEARS zone.
1:20 of 1st period - Shot by Matthew Beniers.
1:20 of 1st period - Stopped by Tristan Jarry without a rebound.
1:21 of 1st period - Derick Brassard wins face-off versus Ross Colton in SASKATOON DUCKS zone.
1:30 of 1st period - Shot by Derick Brassard.
1:30 of 1st period - Stopped by Thatcher Demko without a rebound.
1:31 of 1st period - Blake Lizotte wins face-off versus Ryan Strome in UTAH ICE BEARS zone.
2:32 of 1st period - Shot by Sidney Crosby.
2:32 of 1st period - Shot Misses the Net.
2:41 of 1st period - Shot by Sidney Crosby.
2:41 of 1st period - Stopped by Thatcher Demko without a rebound.
2:42 of 1st period - Claude Giroux wins face-off versus Nicholas Paul in UTAH ICE BEARS zone.
2:47 of 1st period - Shot by Artemi Panarin.
2:47 of 1st period - Shot Blocked by Mark Pysyk.
3:04 of 1st period - Shot by Claude Giroux.
3:04 of 1st period - Shot Blocked by Tucker Poolman.
3:06 of 1st period - Shot by Claude Giroux.
3:06 of 1st period - Stopped by Thatcher Demko without a rebound.
3:07 of 1st period - Sidney Crosby wins face-off versus Matthew Beniers in UTAH ICE BEARS zone.
3:32 of 1st period - Shot by Matthew Beniers.
3:32 of 1st period - Stopped by Tristan Jarry without a rebound.
3:33 of 1st period - William Nylander wins face-off versus Ross Colton in SASKATOON DUCKS zone.
4:07 of 1st period - William Nylander is hit by Tucker Poolman and loses puck.
4:11 of 1st period - Icing by Nicholas Paul.
4:12 of 1st period - Ross Colton wins face-off versus Derick Brassard in UTAH ICE BEARS zone.
4:12 of 1st period - Ross Colton is hit by Derick Brassard.
4:18 of 1st period - Shot by Nicholas Paul.
4:18 of 1st period - Shot Misses the Net.
4:20 of 1st period - Shot by Nicholas Paul.
4:20 of 1st period - Stopped by Tristan Jarry without a rebound.
4:21 of 1st period - Evgeni Malkin wins face-off versus Sidney Crosby in SASKATOON DUCKS zone.
4:25 of 1st period - Evgeni Malkin is hit by William Borgen and loses puck.
4:36 of 1st period - Shot by Sidney Crosby.
4:36 of 1st period - Shot Misses the Net.
4:38 of 1st period - Shot by Sidney Crosby.
4:38 of 1st period - Stopped by Thatcher Demko without a rebound.
4:39 of 1st period - Derick Brassard wins face-off versus Alexander Barabanov in UTAH ICE BEARS zone.
4:44 of 1st period - Shot by Derick Brassard.
4:44 of 1st period - Shot Misses the Net.
4:52 of 1st period - Andrew Peeke is hit by Curtis Lazar and loses puck.
5:08 of 1st period - Kailer Yamamoto is hit by Matthew Beniers and loses puck.
5:17 of 1st period - Shot by Kailer Yamamoto.
5:17 of 1st period - Shot Misses the Net.
5:19 of 1st period - Shot by Alexander Edler.
5:19 of 1st period - Shot Misses the Net.
5:20 of 1st period - Minor Penalty to Andrew Peeke for Hooking.
5:21 of 1st period - Jake Guentzel wins face-off versus Blake Lizotte in UTAH ICE BEARS zone.
5:49 of 1st period - Icing by Jake Guentzel.
5:50 of 1st period - Sidney Crosby wins face-off versus Nicholas Paul in SASKATOON DUCKS zone.
6:48 of 1st period - Artemi Panarin is hit by Mark Pysyk.
6:50 of 1st period - Shot by William Nylander.
6:50 of 1st period - Stopped by Thatcher Demko without a rebound.
6:51 of 1st period - Blake Lizotte wins face-off versus Artemi Panarin in UTAH ICE BEARS zone.
7:25 of 1st period - Shot by Artemi Panarin.
7:25 of 1st period - Shot Misses the Net.
7:35 of 1st period - Shot by Kailer Yamamoto.
7:35 of 1st period - Shot Misses the Net.
8:00 of 1st period - Shot by Lucas Raymond.
8:00 of 1st period - Shot Misses the Net.
8:43 of 1st period - Icing by Kevin Shattenkirk.
8:44 of 1st period - Sidney Crosby wins face-off versus Evgeni Malkin in SASKATOON DUCKS zone.
9:04 of 1st period - Shot by Jake Guentzel.
9:04 of 1st period - Stopped by Thatcher Demko with a rebound.
9:06 of 1st period - Shot by Jake Guentzel.
9:06 of 1st period - Stopped by Thatcher Demko without a rebound.
9:07 of 1st period - Claude Giroux wins face-off versus Ross Colton in UTAH ICE BEARS zone.
9:12 of 1st period - Shot by Claude Giroux.
9:12 of 1st period - Shot Misses the Net.
9:14 of 1st period - Shot by Claude Giroux.
9:14 of 1st period - Shot Misses the Net.
9:27 of 1st period - Icing by Nicholas Paul.
9:28 of 1st period - Ross Colton wins face-off versus Mathieu Joseph in UTAH ICE BEARS zone.
10:04 of 1st period - Icing by William Borgen.
10:05 of 1st period - Ryan Strome wins face-off versus Evgeni Malkin in SASKATOON DUCKS zone.
10:50 of 1st period - Claude Giroux is hit by MacKenzie Weegar and loses puck.
10:57 of 1st period - Shot by Claude Giroux.
10:57 of 1st period - Stopped by Thatcher Demko without a rebound.
10:58 of 1st period - Sidney Crosby wins face-off versus Matthew Beniers in UTAH ICE BEARS zone.
11:03 of 1st period - Shot by Bryan Rust.
11:03 of 1st period - Shot Misses the Net.
11:22 of 1st period - Bryan Rust is hit by Andrew Peeke and loses puck.
11:26 of 1st period - Icing by Andrew Peeke.
11:27 of 1st period - Claude Giroux wins face-off versus Matthew Beniers in UTAH ICE BEARS zone.
13:10 of 1st period - Jake Guentzel is hit by Andrew Mangiapane and loses puck.
13:46 of 1st period - Icing by Anthony Duclair.
13:47 of 1st period - Blake Lizotte wins face-off versus Mathieu Joseph in SASKATOON DUCKS zone.
13:48 of 1st period - Shot by Evgeni Malkin.
13:48 of 1st period - Deflect By Zachary Sanford.
13:48 of 1st period - Shot Misses the Net.
14:16 of 1st period - Shot by Zachary Sanford.
14:16 of 1st period - Shot Misses the Net.
14:31 of 1st period - Icing by T.J. Brodie.
14:32 of 1st period - Claude Giroux wins face-off versus Ross Colton in UTAH ICE BEARS zone.
14:41 of 1st period - Shot by Artemi Panarin.
14:41 of 1st period - Shot Blocked by MacKenzie Weegar.
14:43 of 1st period - Shot by Ryan McDonagh.
14:43 of 1st period - Deflect By William Nylander.
14:43 of 1st period - Shot Misses the Net.
14:45 of 1st period - Shot by Ryan McDonagh.
14:45 of 1st period - Shot Misses the Net.
14:47 of 1st period - Shot by Kevin Shattenkirk.
14:47 of 1st period - Stopped by Thatcher Demko with a rebound.
14:57 of 1st period - Shot by William Nylander.
14:57 of 1st period - Shot Misses the Net.
15:42 of 1st period - Shot by Sidney Crosby.
15:42 of 1st period - Deflect By Bryan Rust.
15:42 of 1st period - Stopped by Thatcher Demko without a rebound.
15:43 of 1st period - Evgeni Malkin wins face-off versus Ryan Strome in UTAH ICE BEARS zone.
15:52 of 1st period - Mathieu Joseph is hit by Andrew Peeke and loses puck.
16:07 of 1st period - Shot by Anthony Duclair.
16:07 of 1st period - Stopped by Thatcher Demko without a rebound.
16:08 of 1st period - Sidney Crosby wins face-off versus Matthew Beniers in UTAH ICE BEARS zone.
16:11 of 1st period - Shot by Jake Guentzel.
16:11 of 1st period - Shot Misses the Net.
16:28 of 1st period - Bryan Rust is hit by Mark Pysyk and loses puck.
17:25 of 1st period - Shot by Andrew Mangiapane.
17:25 of 1st period - Goal by Andrew Mangiapane - UTAH ICE BEARS : 1 - SASKATOON DUCKS : 0.
17:26 of 1st period - Claude Giroux wins face-off versus Blake Lizotte in neutral zone.
17:28 of 1st period - Artemi Panarin is hit by MacKenzie Weegar and loses puck.
17:49 of 1st period - MacKenzie Weegar is hit by Artemi Panarin.
17:53 of 1st period - Evgeni Malkin is hit by Claude Giroux and loses puck.
19:04 of 1st period - Shot by Anthony Duclair.
19:04 of 1st period - Stopped by Thatcher Demko without a rebound.
19:05 of 1st period - Matthew Beniers wins face-off versus Derick Brassard in UTAH ICE BEARS zone.
19:13 of 1st period - Kailer Yamamoto is hit by Troy Stecher and loses puck.
19:24 of 1st period - Curtis Lazar is hit by Matthew Beniers.
19:33 of 1st period - Icing by Lucas Raymond.
19:34 of 1st period - Sidney Crosby wins face-off versus Matthew Beniers in UTAH ICE BEARS zone.
19:34 of 1st period - Sidney Crosby is hit by Troy Stecher.
Goals for this period are 1 for UTAH ICE BEARS vs 0 for SASKATOON DUCKS.
Shots for this period are 5 for UTAH ICE BEARS vs 12 for SASKATOON DUCKS.

2nd period


0:01 of 2nd period - Claude Giroux wins face-off versus Evgeni Malkin in neutral zone.
0:22 of 2nd period - Shot by Andrew Mangiapane.
0:22 of 2nd period - Goal by Andrew Mangiapane - UTAH ICE BEARS : 2 - SASKATOON DUCKS : 0.
0:23 of 2nd period - Sidney Crosby wins face-off versus Ross Colton in neutral zone.
0:48 of 2nd period - Shot by Nicholas Paul.
0:48 of 2nd period - Shot Misses the Net.
0:52 of 2nd period - Shot by Ross Colton.
0:52 of 2nd period - Goal by Ross Colton - UTAH ICE BEARS : 3 - SASKATOON DUCKS : 0.
0:53 of 2nd period - Claude Giroux wins face-off versus Evgeni Malkin in neutral zone.
1:08 of 2nd period - Shot by Andrew Mangiapane.
1:08 of 2nd period - Shot Misses the Net.
1:10 of 2nd period - Shot by Evgeni Malkin.
1:10 of 2nd period - Stopped by Tristan Jarry without a rebound.
1:11 of 2nd period - Matthew Beniers wins face-off versus Sidney Crosby in SASKATOON DUCKS zone.
1:45 of 2nd period - Shot by Lucas Raymond.
1:45 of 2nd period - Stopped by Tristan Jarry without a rebound.
1:46 of 2nd period - Evgeni Malkin wins face-off versus Claude Giroux in SASKATOON DUCKS zone.
2:07 of 2nd period - Shot by Evgeni Malkin.
2:07 of 2nd period - Stopped by Tristan Jarry without a rebound.
2:08 of 2nd period - Ross Colton wins face-off versus Ryan Strome in SASKATOON DUCKS zone.
3:15 of 2nd period - Shot by Evgeni Malkin.
3:15 of 2nd period - Shot Blocked by Anthony Duclair.
3:30 of 2nd period - Icing by Andrew Mangiapane.
3:31 of 2nd period - Claude Giroux wins face-off versus Evgeni Malkin in UTAH ICE BEARS zone.
4:39 of 2nd period - Shot by Lucas Raymond.
4:39 of 2nd period - Shot Blocked by Samuel Girard.
4:41 of 2nd period - Shot by Matthew Beniers.
4:41 of 2nd period - Stopped by Tristan Jarry without a rebound.
4:42 of 2nd period - Derick Brassard wins face-off versus Rudolfs Balcers in SASKATOON DUCKS zone.
4:54 of 2nd period - Icing by Tucker Poolman.
4:55 of 2nd period - Sidney Crosby wins face-off versus Ross Colton in UTAH ICE BEARS zone.
5:26 of 2nd period - Bryan Rust is hit by Mark Pysyk and loses puck.
5:46 of 2nd period - Off-side.
5:47 of 2nd period - Evgeni Malkin wins face-off versus Claude Giroux in neutral zone.
5:52 of 2nd period - Shot by Kyle Okposo.
5:52 of 2nd period - Shot Blocked by Ryan McDonagh.
5:58 of 2nd period - Andrew Mangiapane is hit by Artemi Panarin and loses puck.
6:15 of 2nd period - Shot by Artemi Panarin.
6:15 of 2nd period - Shot Blocked by Andrew Mangiapane.
6:50 of 2nd period - Minor Penalty to Alexander Barabanov for Hooking.
6:51 of 2nd period - Sidney Crosby wins face-off versus Nicholas Paul in UTAH ICE BEARS zone.
8:51 of 2nd period - Icing by Jake Guentzel.
8:52 of 2nd period - Matthew Beniers wins face-off versus Derick Brassard in SASKATOON DUCKS zone.
9:46 of 2nd period - Derick Brassard is hit by Nicholas Paul and loses puck.
9:47 of 2nd period - Derick Brassard from SASKATOON DUCKS is injured at 9:47 of 2nd period (Bruised Right Arm).
9:48 of 2nd period - Nicholas Paul wins face-off versus Sidney Crosby in neutral zone.
10:14 of 2nd period - Shot by Ross Colton.
10:14 of 2nd period - Shot Misses the Net.
10:47 of 2nd period - Icing by Evgeni Malkin.
10:48 of 2nd period - Kyle Okposo wins face-off versus William Nylander in UTAH ICE BEARS zone.
10:55 of 2nd period - Shot by William Nylander.
10:55 of 2nd period - Stopped by Thatcher Demko without a rebound.
10:56 of 2nd period - Claude Giroux wins face-off versus Matthew Beniers in UTAH ICE BEARS zone.
10:56 of 2nd period - Claude Giroux is hit by Andrew Peeke.
11:05 of 2nd period - Lucas Raymond is hit by Ryan McDonagh and loses puck.
11:26 of 2nd period - Shot by Matthew Beniers.
11:26 of 2nd period - Shot Misses the Net.
11:39 of 2nd period - Shot by Alexander Barabanov.
11:39 of 2nd period - Shot Blocked by Ryan McDonagh.
12:21 of 2nd period - Shot by Evgeni Malkin.
12:21 of 2nd period - Shot Misses the Net.
12:36 of 2nd period - Icing by Jaycob Megna.
12:37 of 2nd period - Sidney Crosby wins face-off versus Ross Colton in SASKATOON DUCKS zone.
12:37 of 2nd period - Sidney Crosby is hit by Ross Colton.
12:46 of 2nd period - Sidney Crosby is hit by Tucker Poolman.
12:59 of 2nd period - Shot by Ross Colton.
12:59 of 2nd period - Stopped by Tristan Jarry without a rebound.
13:00 of 2nd period - Ryan Strome wins face-off versus Matthew Beniers in SASKATOON DUCKS zone.
13:02 of 2nd period - Icing by Mathieu Joseph.
13:03 of 2nd period - Ryan Strome wins face-off versus Matthew Beniers in SASKATOON DUCKS zone.
13:03 of 2nd period - Minor Penalty to Alexander Barabanov for Hooking.
13:04 of 2nd period - Blake Lizotte wins face-off versus Claude Giroux in UTAH ICE BEARS zone.
13:48 of 2nd period - Shot by Claude Giroux.
13:48 of 2nd period - Stopped by Thatcher Demko without a rebound.
13:49 of 2nd period - Bryan Rust wins face-off versus Blake Lizotte in UTAH ICE BEARS zone.
15:11 of 2nd period - Shot by Sidney Crosby.
15:11 of 2nd period - Stopped by Thatcher Demko with a rebound.
16:05 of 2nd period - Shot by Artemi Panarin.
16:05 of 2nd period - Shot Misses the Net.
16:13 of 2nd period - Shot by Rudolfs Balcers.
16:13 of 2nd period - Stopped by Tristan Jarry without a rebound.
16:14 of 2nd period - Ryan Strome wins face-off versus Ross Colton in SASKATOON DUCKS zone.
16:43 of 2nd period - Icing by Rudolfs Balcers.
16:44 of 2nd period - Claude Giroux wins face-off versus Ross Colton in UTAH ICE BEARS zone.
17:11 of 2nd period - Off-side.
17:12 of 2nd period - Evgeni Malkin wins face-off versus Ryan Strome in neutral zone.
17:32 of 2nd period - Icing by Samuel Girard.
17:33 of 2nd period - Ryan Strome wins face-off versus Matthew Beniers in SASKATOON DUCKS zone.
17:33 of 2nd period - Ryan Strome is hit by Matthew Beniers.
17:54 of 2nd period - Shot by Anthony Duclair.
17:54 of 2nd period - Stopped by Thatcher Demko without a rebound.
17:55 of 2nd period - Sidney Crosby wins face-off versus Evgeni Malkin in UTAH ICE BEARS zone.
18:03 of 2nd period - Minor Penalty to Sidney Crosby for Interference.
18:04 of 2nd period - Ryan Strome wins face-off versus Evgeni Malkin in SASKATOON DUCKS zone.
18:48 of 2nd period - Shot by Andrew Mangiapane.
18:48 of 2nd period - Stopped by Tristan Jarry without a rebound.
18:49 of 2nd period - Ryan Strome wins face-off versus Matthew Beniers in SASKATOON DUCKS zone.
19:34 of 2nd period - Shot by Alexander Barabanov.
19:34 of 2nd period - Shot Misses the Net.
19:46 of 2nd period - Shot by Andrew Mangiapane.
19:46 of 2nd period - Deflect By Kyle Okposo.
19:46 of 2nd period - Stopped by Tristan Jarry without a rebound.
19:47 of 2nd period - Ryan Strome wins face-off versus Evgeni Malkin in SASKATOON DUCKS zone.
Goals for this period are 2 for UTAH ICE BEARS vs 0 for SASKATOON DUCKS.
Shots for this period are 10 for UTAH ICE BEARS vs 4 for SASKATOON DUCKS.

3rd period


0:01 of 3rd period - Evgeni Malkin wins face-off versus Ryan Strome in neutral zone.
0:06 of 3rd period - Shot by Alexander Barabanov.
0:06 of 3rd period - Stopped by Tristan Jarry without a rebound.
0:07 of 3rd period - Claude Giroux wins face-off versus Evgeni Malkin in SASKATOON DUCKS zone.
0:14 of 3rd period - Evgeni Malkin is hit by Claude Giroux.
1:00 of 3rd period - Icing by Claude Giroux.
1:01 of 3rd period - William Nylander wins face-off versus Matthew Beniers in SASKATOON DUCKS zone.
2:15 of 3rd period - Shot by Ryan Strome.
2:15 of 3rd period - Deflect By Anthony Duclair.
2:15 of 3rd period - Shot Blocked by Andrew Peeke.
2:21 of 3rd period - Shot by Mathieu Joseph.
2:21 of 3rd period - Shot Blocked by Andrew Peeke.
2:41 of 3rd period - Shot by Anthony Duclair.
2:41 of 3rd period - Stopped by Thatcher Demko with a rebound.
2:43 of 3rd period - Shot by Mathieu Joseph.
2:43 of 3rd period - Stopped by Thatcher Demko without a rebound.
2:44 of 3rd period - Claude Giroux wins face-off versus Evgeni Malkin in UTAH ICE BEARS zone.
3:09 of 3rd period - Shot by William Nylander.
3:09 of 3rd period - Stopped by Thatcher Demko without a rebound.
3:10 of 3rd period - Sidney Crosby wins face-off versus Ross Colton in UTAH ICE BEARS zone.
3:36 of 3rd period - Mark Pysyk is hit by Jake Guentzel and loses puck.
3:40 of 3rd period - Icing by Mark Pysyk.
3:41 of 3rd period - Claude Giroux wins face-off versus Ross Colton in UTAH ICE BEARS zone.
3:50 of 3rd period - Shot by Nicholas Paul.
3:50 of 3rd period - Shot Misses the Net.
4:23 of 3rd period - Off-side.
4:24 of 3rd period - Sidney Crosby wins face-off versus Evgeni Malkin in neutral zone.
5:54 of 3rd period - Shot by Anthony Duclair.
5:54 of 3rd period - Shot Misses the Net.
6:05 of 3rd period - Icing by Jaycob Megna.
6:06 of 3rd period - Ryan Strome wins face-off versus Matthew Beniers in SASKATOON DUCKS zone.
6:52 of 3rd period - Icing by Anthony Duclair.
6:53 of 3rd period - Ross Colton wins face-off versus Ryan Strome in SASKATOON DUCKS zone.
7:38 of 3rd period - Shot by Artemi Panarin.
7:38 of 3rd period - Goal by Artemi Panarin - UTAH ICE BEARS : 3 - SASKATOON DUCKS : 1.
7:39 of 3rd period - Sidney Crosby wins face-off versus Matthew Beniers in neutral zone.
7:45 of 3rd period - Sidney Crosby is hit by Troy Stecher and loses puck.
8:04 of 3rd period - Shot by Matthew Beniers.
8:04 of 3rd period - Stopped by Tristan Jarry without a rebound.
8:05 of 3rd period - Blake Lizotte wins face-off versus Claude Giroux in SASKATOON DUCKS zone.
8:05 of 3rd period - Evgeni Malkin is hit by Ryan McDonagh and loses puck.
8:07 of 3rd period - Minor Penalty to Zachary Sanford for Holding.
8:08 of 3rd period - Claude Giroux wins face-off versus Blake Lizotte in UTAH ICE BEARS zone.
8:11 of 3rd period - Shot by Claude Giroux.
8:11 of 3rd period - Shot Misses the Net.
8:13 of 3rd period - Shot by Kevin Shattenkirk.
8:13 of 3rd period - Stopped by Thatcher Demko without a rebound.
8:14 of 3rd period - Sidney Crosby wins face-off versus Blake Lizotte in UTAH ICE BEARS zone.
8:14 of 3rd period - Sidney Crosby is hit by MacKenzie Weegar.
8:18 of 3rd period - Shot by Sidney Crosby.
8:18 of 3rd period - Stopped by Thatcher Demko without a rebound.
8:19 of 3rd period - Sidney Crosby wins face-off versus Blake Lizotte in UTAH ICE BEARS zone.
8:42 of 3rd period - Shot by Sidney Crosby.
8:42 of 3rd period - Shot Misses the Net.
8:44 of 3rd period - Shot by Kevin Shattenkirk.
8:44 of 3rd period - Shot Misses the Net.
8:46 of 3rd period - Shot by Sidney Crosby.
8:46 of 3rd period - Stopped by Thatcher Demko without a rebound.
8:47 of 3rd period - Nicholas Paul wins face-off versus Claude Giroux in UTAH ICE BEARS zone.
9:36 of 3rd period - Off-side.
9:37 of 3rd period - Sidney Crosby wins face-off versus Nicholas Paul in neutral zone.
9:55 of 3rd period - Shot by Jake Guentzel.
9:55 of 3rd period - Stopped by Thatcher Demko without a rebound.
9:56 of 3rd period - Sidney Crosby wins face-off versus Blake Lizotte in UTAH ICE BEARS zone.
10:07 of 3rd period - Shot by Jake Guentzel.
10:07 of 3rd period - Shot Misses the Net.
10:09 of 3rd period - Shot by Jaycob Megna.
10:09 of 3rd period - Stopped by Thatcher Demko with a rebound.
10:11 of 3rd period - Shot by Claude Giroux.
10:11 of 3rd period - Stopped by Thatcher Demko without a rebound.
10:12 of 3rd period - Evgeni Malkin wins face-off versus Claude Giroux in UTAH ICE BEARS zone.
10:26 of 3rd period - Icing by MacKenzie Weegar.
10:27 of 3rd period - Evgeni Malkin wins face-off versus Sidney Crosby in UTAH ICE BEARS zone.
10:27 of 3rd period - Evgeni Malkin is hit by Sidney Crosby.
10:41 of 3rd period - Shot by Jake Guentzel.
10:41 of 3rd period - Stopped by Thatcher Demko without a rebound.
10:42 of 3rd period - Claude Giroux wins face-off versus Matthew Beniers in UTAH ICE BEARS zone.
10:47 of 3rd period - Shot by William Nylander.
10:47 of 3rd period - Shot Misses the Net.
10:49 of 3rd period - Shot by Alexander Edler.
10:49 of 3rd period - Shot Misses the Net.
10:51 of 3rd period - Shot by William Nylander.
10:51 of 3rd period - Stopped by Thatcher Demko without a rebound.
10:52 of 3rd period - Evgeni Malkin wins face-off versus Claude Giroux in UTAH ICE BEARS zone.
10:52 of 3rd period - Evgeni Malkin is hit by Artemi Panarin.
11:16 of 3rd period - Shot by Evgeni Malkin.
11:16 of 3rd period - Shot Blocked by Artemi Panarin.
11:18 of 3rd period - Shot by MacKenzie Weegar.
11:18 of 3rd period - Deflect By Evgeni Malkin.
11:18 of 3rd period - Shot Misses the Net.
11:20 of 3rd period - Shot by Andrew Mangiapane.
11:20 of 3rd period - Shot Misses the Net.
11:22 of 3rd period - Shot by Andrew Mangiapane.
11:22 of 3rd period - Shot Misses the Net.
11:24 of 3rd period - Shot by Andrew Mangiapane.
11:24 of 3rd period - Stopped by Tristan Jarry without a rebound.
11:25 of 3rd period - Sidney Crosby wins face-off versus Matthew Beniers in SASKATOON DUCKS zone.
11:50 of 3rd period - Shot by Jake Guentzel.
11:50 of 3rd period - Shot Misses the Net.
12:18 of 3rd period - Minor Penalty to Kyle Okposo for High sticking.
12:19 of 3rd period - Claude Giroux wins face-off versus Blake Lizotte in UTAH ICE BEARS zone.
12:38 of 3rd period - Shot by Claude Giroux.
12:38 of 3rd period - Stopped by Thatcher Demko without a rebound.
12:39 of 3rd period - Blake Lizotte wins face-off versus Artemi Panarin in UTAH ICE BEARS zone.
13:11 of 3rd period - Shot by Claude Giroux.
13:11 of 3rd period - Stopped by Thatcher Demko with a rebound.
13:44 of 3rd period - Icing by Sidney Crosby.
13:45 of 3rd period - Nicholas Paul wins face-off versus Sidney Crosby in SASKATOON DUCKS zone.
14:22 of 3rd period - Shot by Claude Giroux.
14:22 of 3rd period - Shot Blocked by Mark Pysyk.
14:25 of 3rd period - Icing by Andrew Mangiapane.
14:26 of 3rd period - Claude Giroux wins face-off versus Evgeni Malkin in UTAH ICE BEARS zone.
14:27 of 3rd period - Shot by Kailer Yamamoto.
14:27 of 3rd period - Stopped by Thatcher Demko with a rebound.
16:01 of 3rd period - Shot by Sidney Crosby.
16:01 of 3rd period - Stopped by Thatcher Demko without a rebound.
16:02 of 3rd period - Matthew Beniers wins face-off versus Anthony Duclair in UTAH ICE BEARS zone.
16:02 of 3rd period - Matthew Beniers is hit by Ryan Strome.
16:37 of 3rd period - Off-side.
16:38 of 3rd period - Sidney Crosby wins face-off versus Evgeni Malkin in neutral zone.
16:45 of 3rd period - Icing by Evgeni Malkin.
16:46 of 3rd period - Claude Giroux wins face-off versus Evgeni Malkin in UTAH ICE BEARS zone.
16:47 of 3rd period - Shot by William Nylander.
16:47 of 3rd period - Stopped by Thatcher Demko without a rebound.
16:48 of 3rd period - Evgeni Malkin wins face-off versus Claude Giroux in UTAH ICE BEARS zone.
17:23 of 3rd period - Shot by Evgeni Malkin.
17:23 of 3rd period - Shot Blocked by Kevin Shattenkirk.
18:12 of 3rd period - Icing by Andrew Peeke.
18:13 of 3rd period - Ryan Strome wins face-off versus Matthew Beniers in UTAH ICE BEARS zone.
18:13 of 3rd period - Anthony Duclair is hit by Troy Stecher and loses puck.
18:42 of 3rd period - Off-side.
18:43 of 3rd period - Sidney Crosby wins face-off versus Blake Lizotte in neutral zone.
18:54 of 3rd period - Shot by Bryan Rust.
18:54 of 3rd period - Deflect By Sidney Crosby.
18:54 of 3rd period - Stopped by Thatcher Demko without a rebound.
18:55 of 3rd period - Evgeni Malkin wins face-off versus Artemi Panarin in UTAH ICE BEARS zone.
19:24 of 3rd period - Shot by Andrew Mangiapane.
19:24 of 3rd period - Stopped by Tristan Jarry without a rebound.
19:25 of 3rd period - Matthew Beniers wins face-off versus Bryan Rust in SASKATOON DUCKS zone.
Goals for this period are 0 for UTAH ICE BEARS vs 1 for SASKATOON DUCKS.
Shots for this period are 4 for UTAH ICE BEARS vs 18 for SASKATOON DUCKS.


SEBASTIAN
AHO
MARK
SCHEIFELE
JAKE
OETTINGER

EAST COAST

HOCKEY LEAGUE

  • 17.QUE3CHI2
  • 18.CHA2LIM4
  • 19.TRV3LON2
  • 20.CHW1BAL2
  • 21.PITMAN
  • 22.ATLNHW
  • 23.WORPET
  • 24.RHI